 Dungeon Crawl Stone Soup version 0.29-a0-284-gf9362112df (webtiles) character file.

Game seed: 15237886924534432509

9 spaghetti the Sneak (level 2, 14/27 HPs)
             Began as a Deep Dwarf Delver on Mar 25, 2022.
             Quit the game on level 5 of the Dungeon.
             The game lasted 00:00:18 (119 turns).

spaghetti the Sneak (Deep Dwarf Delver)              Turns: 119, Time: 00:00:19

Health: 14/27      AC:  3    Str: 15    XL:     2   Next: 6%
Magic:  2/2        EV: 12    Int: 10    God:
Gold:   0          SH:  0    Dex: 14    Spells: 1/1 levels left

rFire   . . .      SeeInvis .   a - +0 short sword {short}
rCold   . . .      Faith    .   (no shield)
rNeg    . . .      Spirit   .   b - +0 leather armour
rPois   .          Reflect  .   (no helmet)
rElec   .          Harm     .   (no cloak)
rCorr   .          Rampage  .   (no gloves)
Will    .....                   (no boots)
Stlth   +.........              (no amulet)
HPRegen 0.00/turn               (no ring)
MPRegen 0.08/turn               (no ring)

@: confused
A: damage resistance, heal wounds, sense surroundings 1, no regeneration
a: Heal Wounds


You were on level 5 of the Dungeon.
You visited 1 branch of the dungeon, and saw 2 of its levels.


Innate Abilities, Weirdness & Mutations

You are resistant to damage.
You can heal yourself by infusing magical energy.
You passively map a small area around you.
You do not regenerate.


   Skills:
 - Level 2.6 Fighting
 - Level 1.7 Short Blades
 - Level 2.1 Dodging
 + Level 6.6 Stealth


You had one spell level left.
You didn't know any spells.
Your spell library was empty.

Inventory:

Hand Weapons
 a - a +0 short sword (weapon) {short}
Missiles
 i - 5 poisoned darts {throwing}
Armour
 b - a +0 leather armour (worn)
Wands
 g - a wand of digging (3)
Scrolls
 c - a scroll of fog
 d - a scroll of magic mapping {!r}
 e - a scroll of fear
 j - a scroll of amnesia {unknown}
Potions
 f - a potion of haste {@q3}
 h - a potion of flight {unknown}

Dungeon Overview and Level Annotations

Branches:
Dungeon (6/15)
 Temple: D:4-7

Altars:

#........#* ,#.#.##....####
##########.....# ................
.......>.....####.##...##...##...
###########..####.##.. #.+###...
####.......##. #.. +...
#......###.## #.., #... #......#
#.#*, #.....### #......###.#
.....* ####.....@.# .###.
#######.# #. #.# , #o# * * , #..
* #o.. , #..c. , , #..o.W ,
#.....# **


You could see a centaur and 3 orcs.


Message History

🤖 Initializing magus.rc ...
Options error: Delay interrupt name "hungry" not recognised. (~/.crawlrc:4761) Options error: Bad monster_list_colour key: strict_neutral (~/.crawlrc:4776) ✅ Successfully initialized magus.rc [v1.9.6] Welcome, spaghetti the Deep Dwarf Delver.
They say the Orb of Zot lies within this dungeon, but they say a lot of things.
Press ? for a list of commands and other information.
Found a stone staircase leading down.
You open the door.
There is an open door here.
There is an open door here.
h - a bubbling green potion You open the door.
There is an open door here.
There is a stone staircase leading down here.
You open the door.
Found a stone staircase leading down.
There is a stone staircase leading down here.
i - 5 poisoned darts {throwing}
Found a stone staircase leading down.
(D) Dungeon
Where to? (? - help)
There is a stone staircase leading down here.
You climb downwards.
There is a stone staircase leading up here.
An adder is nearby!
Unknown command.
Unknown command.
An adder is nearby!
Found a long gold wand.
Found a stone staircase leading down.
A necrophage comes into view.
The helpless adder fails to defend itself.
You impale the adder!!
You kill the adder!
You have reached level 2! 😎 HP[+7] MP[+1]
You now have 27 max hp (+7).
Your hp is fully restored (27).
Your mp is fully restored (2).
There is a stone staircase leading up here.
You climb upwards.
There is a stone staircase leading down here.
There is a stone staircase leading down here.
You climb downwards.
Found a stone staircase leading down.
There is a stone staircase leading up here.
A water moccasin comes into view.
There is a stone staircase leading up here.
You climb upwards.
There is a stone staircase leading down here.
j - a scroll labelled TEKKOT HICEZ You open the door.
An orc comes into view. It is wielding a +0 dagger.
There is an open door here.
An orc is nearby!
An orc is nearby!
An orc is nearby!
An orc is nearby!
An orc wizard, 2 orcs and a phantom come into view.
The orc shouts!
The orc wizard shouts!
The orc shouts!
A centaur comes into view.
The orc wizard casts a spell at you.
You are confused.
The centaur shouts!
You hear a shout!
The orc shouts!
You bump into the rock wall.
The centaur wields a +0 shortbow.
The centaur shoots an arrow.
The arrow barely misses you.
The centaur shoots an arrow.
The arrow hits you!
The orc wizard casts a spell.
The orc wizard flickers and vanishes!
Deactivating autopickup; reactivate with Ctrl-A.
You hear a shout!
You hear an angry hiss.
The centaur shoots an arrow.
The arrow hits you.
An orc comes into view. It is wielding a +0 flail.
There is an open door here. 😮 HP[-13]
You take 13 damage, and now have 14/27 hp.
MASSIVE DAMAGE!! (PAUSE) Are you sure you want to abandon this character and quit the game? (Confirm with "yes".)

Action                   || total
-------------------------++-------
Melee: Short sword       ||     1
 Stab: Sleeping          ||     1
Dodge: Dodged            ||     1

Levels and vault maps discovered:
D:5:      layout_basic, chequers_jeans
D:6:      cheibrodos_iron_armory, layout_basic, serial_bayou_crossing

Notes
Turn   | Place    | Note
-------+----------+-------------------------------------------
     0 | D:5      | spaghetti the Deep Dwarf Delver began the quest for the
                  | Orb.
     0 | D:5      | Reached XP level 1. HP: 20/20 MP: 1/1
     0 | D:5      | magus.rc [v1.9.6]
    82 | D:6      | Noticed a necrophage
    84 | D:6      | Reached XP level 2. HP: 27/27 MP: 2/2
    96 | D:6      | Noticed a water moccasin
   115 | D:5      | Noticed a phantom
   115 | D:5      | Noticed a centaur
   119 | D:5      | Quit the game

Vanquished Creatures
  An adder (D:6)
1 creature vanquished.

Table legend:
 A = Non-vault XP
 B = Vault XP
 C = Vault XP percentage of total XP
 D = Non-vault monster count
 E = Vault monster count
 F = Vault count percentage of total count
                 A         B        C        D         E       F
            +---------+---------+-------+---------+---------+-------
      Total |      14 |       0 |   0.0 |       1 |       0 |   0.0
            +---------+---------+-------+---------+---------+-------
        D:6 |      14 |       0 |   0.0 |       1 |       0 |   0.0
            +---------+---------+-------+---------+---------+-------

Illustrated notes

Table legend:
 A = Kills in this place as a percentage of kills in entire the game.
 B = Kills by you in this place as a percentage of kills by you in the entire game.
 C = Kills by friends in this place as a percentage of kills by friends in the entire game.
 D = Other kills in this place as a percentage of other kills in the entire game.
 E = Experience gained in this place as a percentage of experience gained in the entire game.
 F = Experience gained in this place divided by the number of levels of this place that you have seen.
                   A       B       C       D       E      F
               +-------+-------+-------+-------+-------+----------------------
         Total | 100.0 | 100.0 |   N/A |   N/A | 100.0 |   7.0
       Dungeon | 100.0 | 100.0 |   N/A |   N/A | 100.0 |   7.0
               +-------+-------+-------+-------+-------+----------------------

Table legend: (Time is in decaauts)
 A = Elapsed time spent in this place.
 B = Non-inter-level travel time spent in this place.
 C = Inter-level travel time spent in this place.
 D = Time resting spent in this place.
 E = Time spent auto-exploring this place.
 F = Levels seen in this place.
 G = Mean time per level.
                   A        B        C        D        E       F      G
               +--------+--------+--------+--------+--------+-----+--------+
         Total |    120 |    112 |      8 |      0 |     86 |   2 |   60.0 |
       Dungeon |    120 |    112 |      8 |      0 |     86 |   2 |   60.0 |
               +--------+--------+--------+--------+--------+-----+--------+

Top non-repeatable levels by time:
     D:5: 109 daAuts
     D:6: 11 daAuts
